Unix xNetHack Version 7.1.0 - last build Jul 4 2022 02:09:00 (ec8469f2eb63cac24863ec985b09651f3a72bf9f). Game began 2022-07-04 11:24:06, ended 2022-07-05 07:45:46. Raisse, neutral female gnomish Wizard ...--# #-..---...... ....--#-...| --..... ...........-- |..... ............----.... -.-.....dW...--|.... |*..**...G....---... --##.--..<.....||..- ###-.#-..@....------ .....|........-- |. -----|.........| --. --.......----.. ---.....|--... Raisse the Thaumaturge St:25 Dx:15 Co:15 In:19 Wi:8 Ch:10 Neutral Dlvl:6 $:760 HP:0(46) Pw:62(62) AC:-1 Xp:6/503 T:5354 Fainted Deaf Latest messages: The raven misses! The raven pecks! The raven misses! The raven misses! Your metal polished shield blocks the raven's attack. The raven pecks! The raven just misses! The raven misses! The raven pecks! You regain consciousness. You stab the raven. The raven pecks! The raven pecks! Your pair of mithril dwarvish boots blocks the raven's attack. You can hear again. You kill the raven! You faint from lack of food. The wolf bites! The wolf bites! The wolf bites! You regain consciousness. What do you want to write with? [- afgijJLMRU or ?*] - You write in the dust with your fingertip. What do you want to write in the dust here? Elbereth The wolf bites! What do you want to write with? [- afgijJLMRU or ?*] - You write in the dust with your fingertip. What do you want to write in the dust here? Elbereth What do you want to write with? [- afgijJLMRU or ?*] ? Never mind. You can see again. What do you want to zap? [gR or ?*] g In what direction? k You feel like a hypocrite. The engraving beneath you fades. The magic missile hits the wolf! What do you want to zap? [gR or ?*] Never mind. You faint from lack of food. You have an eerie feeling... The wolf bites! The wolf bites! The wolf bites! The wolf bites! You die... Do you want your possessions identified? [ynq] (y) y Do you want to see your attributes? [ynq] (y) y Do you want an account of creatures vanquished? [ynaq] (y) y Do you want to see your conduct and achievements? [ynq] (y) y Do you want to see the dungeon overview? [ynq] (y) y Major events: Turn 1: Raisse the neutral female gnomish Wizard entered the dungeon 1001: attained the rank of Conjurer (level 3) 1496: entered the Gnomish Mines 1738: reached Mine Town 1943: destroyed nmlkj's ghost, the former Conjurer 4075: attained the rank of Thaumaturge (level 6) 5354: killed by a wolf, while fainted from lack of food Inventory: Inventory: 630/1000 weight (36/52 slots) Coins $ - 760 gold pieces {8} Amulets u - an uncursed silver amulet of ESP (being worn) {25} Weapons a - an uncursed +0 elven dagger (weapon in hand) {10} i - a blessed +1 quarterstaff (alternate weapon; not wielded) {40} J - 4 uncursed +0 daggers {40} U - an uncursed rustproof +0 orcish dagger {10} Armor A - an uncursed +0 plastic plate mail (being worn) {84} B - a blessed +0 pair of mithril dwarvish boots (being worn) {24} C - an uncursed +0 cloak of magic resistance (being worn) {8} G - an uncursed corroded +0 pair of gauntlets of power (being worn) {23} H - an uncursed +0 cornuthaum (being worn) {3} S - an uncursed +0 metal shield of reflection (being worn) {29} Comestibles w - an uncursed fortune cookie {1} y - 2 uncursed cloves of garlic {2} K - an uncursed strange object {5} Scrolls d - a cursed scroll of teleportation {5} n - an uncursed scroll of destroy armor {5} o - an uncursed scroll of fire {5} v - an uncursed scroll of amnesia {5} Spellbooks k - an uncursed spellbook of wizard lock {40} N - an uncursed spellbook of light {35} Y - a cursed spellbook of jumping {40} Potions z - an uncursed potion of fruit juice {20} O - a cursed potion of healing {20} P - an uncursed potion of polymorph {20} X - 3 potions of holy water {60} Rings f - a cursed ring of warning {3} L - a blessed +1 ring of gain constitution {3} M - an uncursed ring of protection from shape changers {3} Wands g - a cursed wand of magic missile (0:3) {7} R - an uncursed wand of speed monster (0:4) {7} Tools b - an uncursed blindfold {2} j - a cursed magic marker (0:73) {2} l - an uncursed tallow candle {2} m - an uncursed lantern {30} p - an uncursed wax candle {2} V - a blessed wax candle {2} Raisse the Wizard's attributes: Background: You were a Thaumaturge, a level 6 female gnomish Wizard. You were neutral, on a mission for Thoth who was opposed by Ptah (lawful) and Anhur (chaotic). You were bisexual. You were in the Gnomish Mines, on level 6. You entered the dungeon 5354 turns ago. You had 503 experience points, 137 more were needed to attain level 7. Basics: You had 0 out of 46 hit points. You had all 62 energy points (spell power). Your armor class was -1. Your wallet contained 760 zorkmids. Autopickup was on for '$!?/"=+' plus thrown, with exceptions. Final Characteristics: Your strength was 25 (base:12, innate limit:18/50). Your dexterity was 15 (limit:18). Your constitution was 15 (limit:18). Your intelligence was 19 (limit:19). Your wisdom was 8 (limit:18). Your charisma was 10 (base:9, limit:18). Final Status: You were deaf. You were fainted due to starvation. You were unencumbered. You were wielding a dagger. You had basic skill with dagger. Final Attributes: You were piously aligned. You were magic-protected. You were telepathic. You were clairvoyant. You had infravision. You were guarded. You had reflection. You were lucky. You are dead. Miscellaneous: You encountered 2 bones levels. Total elapsed playing time was 29 minutes and 8 seconds. Vanquished creatures: a watchman a leprechaun a raven a ghost a human zombie 8 Mordor orcs an orc shaman 2 rock piercers a violet fungus 3 gnomish wizards a gray ooze 2 giant ants a little dog 2 floating eyes a dwarf 2 homunculi a kobold leader a rothe a giant bat 2 iguanas a killer bee 2 hobbits a large kobold a hobgoblin 2 giant rats 2 cave spiders 2 yellow molds a red mold 5 gnomes 2 garter snakes a gecko 4 jackals a kobold 3 goblins 7 sewer rats a grid bug 2 bats 4 lichens 9 newts 85 creatures vanquished. No species were genocided or became extinct. Voluntary challenges: You read items or engraved 6 times. You never genocided any monsters. You never polymorphed an object. You never changed form. You never touched an artifact. You used no wishes. You were celibate. You never generated conflict. Achievements: You entered a shop. You attained the rank of Conjurer. You entered the Gnomish Mines. You entered Minetown. You entered a temple. You attained the rank of Thaumaturge. The Dungeons of Doom: levels 1 to 4 Level 1: Level 2: "spb" An armor shop, a fountain, some sinks. Stairs down to The Gnomish Mines. Level 3: Level 4: The Gnomish Mines: levels 3 to 6 Level 3: Level 4: Level 5: Many shops, a temple to Thoth, some fountains, a grave. Final resting place for nmlkj-Wiz-Hum-Mal-Cha, killed by a killer bee. Level 6: <- You were here. Final resting place for you, killed by a wolf, while fainted from lack of food, nmlkj-Wiz-Hum-Mal-Cha, killed by an invisible dwarf. Game over: __________ / \ / REST \ / IN \ / PEACE \ / \ | Raisse | | 760 Au | | killed by a wolf | | | | | | | | 2022 | *| * * * | * _________)/\\_//(\/(/\)/\//\/|_)_______ Goodbye Raisse the Wizard... You died in The Gnomish Mines on dungeon level 6 with 2966 points, and 760 pieces of gold, after 5354 moves. You were level 6 with a maximum of 46 hit points when you died.